Map: Abyssal Reef LE

Players

Buckwheat

  • Race: Zerg Zerg
  • Spawn Location: 5:00

Sigil - Winner!

  • Race: Zerg Zerg
  • League: Grandmaster
  • Spawn Location: 11:00

VOD

Have the link to the VOD?

Description

Time

  • Played on: March 22, 2025, 2:20 p.m.
  • Length: 7:41
Show
View Real Time Build Order
Export as new Build Order

Buckwheat Zerg 

Build Orders: Hatch First 

Get SALT Encoding   

  12  0:00  Drone  
  13  0:13  Overlord  
  13  0:17  Drone  
  14  0:31  Drone x2  
  16  0:50  Hatchery  
  16  0:51  Drone  
  16  0:54  Drone  
  17  0:58  Drone  
  18  1:07  Extractor  
  17  1:14  Spawning Pool  
  17  1:16  Drone  
  17  1:20  Drone  
  18  1:28  Drone  
  19  1:39  Drone  
  20  1:50  Drone  
  21  2:01  Queen x2  
  21  2:02  Zergling x2  
  21  2:03  Drone  
  27  2:11  Overlord  
  27  2:13  Metabolic Boost  
  27  2:17  Drone  
  28  2:29  Drone  
  29  2:30  Drone  
  30  2:42  Hatchery, Drone x2  
  31  2:49  Drone, Baneling Nest  
  31  2:57  Drone x3  
  33  3:14  Drone  
  33  3:15  Drone x2  
  33  3:17  Overlord x3  
  37  3:27  Roach Warren  
  37  3:30  Evolution Chamber  
  37  3:31  Drone  
  36  3:40  Drone x4  
  40  3:49  Zergling x2  
  40  3:52  Drone x3  
  40  3:53  Drone  
  40  3:54  Queen  
  47  3:55  Overlord  
  47  4:03  Lair  
  47  4:05  Drone, Extractor  
  47  4:06  Drone x2  
  50  4:10  Drone  
  50  4:12  Roach  
  52  4:19  Roach x4  
  60  4:29  Drone x5  
  64  4:37  Overlord x2  
  64  4:39  Roach  
  66  4:48  Extractor  
  66  4:49  Drone x3, Extractor  
  66  4:50  Drone x3  
  70  4:52  Zerg Missile Weapons Level 1  
  70  5:01  Roach x3  
  76  5:07  Overseer  
  77  5:14  Zergling x14  
  77  5:19  Glial Reconstitution  
  83  5:27  Overlord  
  83  5:29  Spore Crawler  
  82  5:37  Roach  
  82  5:38  Roach x3  
  86  5:44  Roach x2  
  89  5:56  Roach x3  
  87  6:10  Overlord x4  
  87  6:11  Overlord x3  
  82  6:15  Drone x3  
  84  6:34  Roach x4  
  92  6:40  Roach  
  92  6:43  Ravager x7  
  92  6:45  Roach  
  101  6:52  Roach x2  
  103  7:16  Overseer  
  103  7:18  Roach x7  
Show
View Real Time Build Order
Export as new Build Order

Sigil Zerg - Winner!

Build Orders: Hatch First 

Get SALT Encoding   

  12  0:00  Drone  
  13  0:08  Drone  
  14  0:15  Drone, Extractor  
  15  0:37  Hatchery  
  15  0:41  Extractor  
  15  0:42  Drone  
  14  0:49  Overlord  
  15  1:05  Spawning Pool  
  15  1:07  Drone  
  15  1:10  Drone  
  16  1:14  Drone  
  17  1:27  Drone  
  17  1:28  Extractor  
  17  1:30  Drone  
  19  1:40  Drone  
  19  1:50  Drone  
  19  1:51  Queen  
  22  1:55  Drone  
  22  1:56  Queen  
  25  2:01  Overlord  
  25  2:14  Drone  
  25  2:15  Drone x2  
  28  2:23  Drone x2  
  28  2:29  Queen  
  32  2:34  Drone x2  
  34  2:42  Drone  
  36  2:44  Drone  
  36  2:52  Overlord  
  36  2:59  Extractor, Lair  
  36  3:03  Drone  
  36  3:12  Roach Warren  
  35  3:16  Drone x6  
  35  3:18  Evolution Chamber, Drone  
  41  3:24  Drone  
  42  3:30  Overlord  
  42  3:34  Extractor  
  42  3:38  Drone  
  42  3:39  Drone x2  
  42  3:41  Overlord x2  
  44  3:44  Zerg Missile Weapons Level 1  
  44  3:51  Drone x4  
  48  3:57  Roach  
  50  4:03  Roach  
  50  4:04  Glial Reconstitution  
  50  4:08  Overseer  
  52  4:14  Roach  
  52  4:16  Roach  
  56  4:20  Roach, Hatchery  
  57  4:26  Roach x3  
  65  4:31  Roach  
  65  4:33  Overlord  
  65  4:36  Overlord  
  65  4:39  Roach  
  67  4:47  Overlord  
  67  4:51  Roach x4  
  75  4:56  Roach x2  
  79  5:01  Roach  
  81  5:08  Roach x2  
  85  5:15  Drone x6  
  85  5:18  Extractor  
  85  5:21  Drone x2  
  92  5:29  Overlord  
  92  5:36  Evolution Chamber  
  91  5:45  Roach x3  
  97  5:54  Overlord x4  
  93  6:08  Overlord  
  93  6:09  Overlord  
  93  6:10  Roach x6  
  97  6:20  Roach  
  99  6:27  Roach  
  99  6:29  Roach x5  
  99  6:30  Spine Crawler, Overlord  
  99  6:32  Spine Crawler  
  109  6:41  Roach x4  
  109  6:43  Ravager x3  
  109  6:47  Roach  
  122  6:49  Roach  
  122  6:52  Roach x2  
  128  7:01  Roach x3  
  134  7:07  Roach  
  136  7:09  Roach x3  
  142  7:20  Roach Warren  
  142  7:21  Roach x3  
Tags
 
Add a new tag
Caveats
  • Supply blocks, unpowered buildings, or Contaminate may cause inaccurate times.
  • Supply counts are checked every 10 seconds.